 Dungeon Crawl Stone Soup version 0.31.0-32-g396128a36d (webtiles) character file.

Game seed: 7585510271689646644

3487 ChrisAssaf the Grave Robber (level 10, -23/70 HPs)
             Began as a Human Necromancer on Apr 16, 2024.
             Was a Follower of Vehumet.
             Annihilated by a skeletal warrior
             ... wielding a +0 mace
              (24 damage)
             ... on level 7 of the Dungeon on Apr 17, 2024.
             The game lasted 00:33:26 (8552 turns).

ChrisAssaf the Grave Robber (Human Necromancer)     Turns: 8552, Time: 00:33:27

Health: -23/70     AC:  5    Str: 11    XL:     10   Next: 7%
Magic:  19/19      EV: 13    Int: 17    God:    Vehumet [*.....]
Gold:   217        SH:  0    Dex: 14    Spells: 2/21 levels left

rFire   . . .        k - +0 short sword (distort)
rCold   + . .        (no shield)
rNeg    . . .        m - +2 robe {rC+}
rPois   .            f - +1 hat {Stlth+}
rElec   .            (no cloak)
rCorr   +            (no gloves)
SInv    +            (no boots)
Will    .....        (no amulet)
Stlth   ++++         e - ring of see invisible
HPRegen 0.31/turn    l - ring of resist corrosion
MPRegen 0.16/turn

%: no passive effects
@: about to teleport
A: explore regen
a: Renounce Religion


You were on level 7 of the Dungeon.
You worshipped Vehumet.
Vehumet was aware of your devotion.
You visited 1 branch of the dungeon, and saw 7 of its levels.

You collected 347 gold pieces.
You spent 130 gold pieces at shops.

Inventory:

Hand Weapons
 k - a +0 short sword of distortion (weapon)
 o - a +0 whip of venom
 s - a +0 arbalest
Missiles
 d - 7 boomerangs (quivered)
Armour
 a - a +0 robe
 f - a +1 hat of stealth (worn)
 m - a +2 robe of cold resistance (worn)
Jewellery
 e - a ring of see invisible (left hand)
 l - a ring of resist corrosion (right hand)
Talismans
 j - a beast talisman
Wands
 q - a wand of flame (10)
 v - a wand of quicksilver (5)
Scrolls
 b - 3 scrolls of noise
 n - a scroll of fog
Potions
 c - a potion of curing {unknown}
 g - a potion of enlightenment
 h - a potion of haste
 p - a potion of magic
 r - a potion of resistance
 u - a potion of berserk rage {unknown}
 w - a potion of brilliance {unknown}


   Skills:
 * Level 3.2 Fighting
 * Level 2.0 Short Blades
 * Level 3.1 Maces & Flails
 * Level 2.6 Ranged Weapons
 * Level 3.4 Throwing
 * Level 3.3 Armour
 * Level 4.0 Dodging
 * Level 4.2 Stealth
 * Level 6.0 Spellcasting
 * Level 2.0 Conjurations
 * Level 7.3 Necromancy
 * Level 0.9 Earth Magic
 * Level 2.7 Evocations
 * Level 2.7 Shapeshifting


You had 2 spell levels left.
You knew the following spells:

 Your Spells              Type           Power      Damage    Failure   Level
a - Necrotise             Necr           100%       1d9       1%          1
b - Vampiric Draining     Necr           30%        2d8       1%          3
c - Animate Dead          Necr           30%        N/A       6%          4
d - Curse of Agony        Necr           30%        N/A       17%         5
e - Kiss of Death         Conj/Necr      84%        2d11      1%          1
f - Borgnjor's Vile Clut  Necr/Erth      9%         N/A       54%         5

Your spell library contained the following spells:

 Spells                   Type           Power      Damage    Failure   Level
 Ozocubu's Armour         Ice            5%         N/A       36%         3
 Death Channel            Necr           15%        N/A       67%         6
 Metabolic Englaciation   Hex/Ice        2%         N/A       98%         5
 Sculpt Simulacrum        Ice/Alch       2%         N/A       100%        6


Dungeon Overview and Level Annotations

Branches:
Dungeon (7/15)             Temple (0/1) D:7

Altars:
Cheibriados
Okawaru
Sif Muna
Uskayaw
Vehumet
Xom
Zin

Shops:
D:1 !   D:3 ?   D:6 *

Annotations:
D:7 1 transporter, Klask's ghost, novice MiBe
Abyss:1 Grinder


Innate Abilities, Weirdness & Mutations

You regain HP and MP as you explore.


Message History

Press: ? - help, Shift-Dir - straight line, f - skeletal warrior
Aim: a skeletal warrior, wielding a +0 mace (poison gas, 71% to hit)
The bolt of dispelling energy hits the skeletal warrior!!
The skeletal warrior is moderately damaged.
The bolt of dispelling energy hits the orc!!
You kill the orc!
Vehumet accepts your kill.
The skeletal warrior hits you with a +0 mace!
The boulder beetle is engulfed in poison gas.
The boulder beetle is poisoned.
Unknown command.
You hit the boulder beetle but do no damage.
The boulder beetle is lightly wounded.
The skeletal warrior barely misses you.
The boulder beetle is engulfed in poison gas.
The boulder beetle looks even sicker.
The boulder beetle bites you. Klask's ghost hits you!
You barely miss the boulder beetle.
The boulder beetle is lightly wounded.
The skeletal warrior closely misses you.
The boulder beetle is engulfed in poison gas.
The boulder beetle looks even sicker.
The boulder beetle leaps!
Klask's ghost hits you.
Unknown command.
As you read the scroll of teleportation, it crumbles to dust.
You feel strangely unstable.
The skeletal warrior hits you with a +0 mace!!
* * * LOW HITPOINT WARNING * * *
The boulder beetle is engulfed in poison gas.
The boulder beetle looks as sick as possible!
Klask's ghost hits you!
* * * LOW HITPOINT WARNING * * *
Okay, then.
Aiming: Quicksilver Bolt
Press: ? - help, Shift-Dir - straight line, f/p - skeletal warrior
Aim: a skeletal warrior, wielding a +0 mace (poison gas, moderately damaged, 71% to hit)
The bolt of dispelling energy hits the skeletal warrior!
The skeletal warrior is moderately damaged.
The skeletal warrior hits you with a +0 mace!!
You die...

....#...................###'#####
....#...................#......#.
....#...........©.......#......#.
....#.......#########...#......#.
....#......##8§☼§§§8##..#......#.
....#...>..#§§☼§o...§#..##....###
+####......#.#☼§§§)#.#...#....###
....#......#§§#W§z#☼§#...#.......
....#......#☼§B§@§§§§#...'.......
....#......#§§#§§§#§§#...#.......
....#......#.#§§§☼§#.#...#.......
....#......#§§§§§☼§§§#...#.......
....#......##8§§§§§8##...#.......
....#.......#########....#.......
....#...........©........#....#..
....#....................########
....#.....#....#.........#


You could see a boulder beetle (extremely poisoned), a skeletal warrior, an orc
warrior and Klask's ghost.

Vanquished Creatures
  Pikel (D:6)
  The ghost of jkubb29 the Reanimator, a novice DsNe (D:5)
  Prince Ribbit (D:7)
  2 orc warriors
  An ice beast (D:7)
  3 ogres
  2 centaurs
  2 kobold brigands
  A brain worm (D:5)
  A bullfrog (D:7)
  A scorpion (D:5)
  A killer bee (D:4)
  2 bombardier beetles (D:3)
  6 hounds
  3 jellies
  4 orc priests
  A sleepcap (D:6)
  2 iguanas (D:4)
  2 orc wizards
  A gnoll (D:1)
  3 adders
  5 white imps
  A dart slug (D:1)
  2 ribbon worms
  27 orcs
  8 ball pythons
  3 bats
  3 endoplasms
  5 giant cockroaches
  5 goblins
  8 hobgoblins
  9 jackals
  3 quokkas
  3 frilled lizards
  20 kobolds
  An orc zombie (D:5)
  3 rats
  2 butterflies (D:5)
149 creatures vanquished.

Vanquished Creatures (collateral kills)
  A water moccasin (D:7)
  3 orcs
  An endoplasm (D:1)
  3 hobgoblins
  A jackal (D:2)
  A kobold (D:2)
  A quokka (D:2)
11 creatures vanquished.

Vanquished Creatures (others)
  An ice beast zombie (D:7)
  An iguana zombie (D:4)
  A hobgoblin zombie (D:3)
  5 kobold zombies (D:7)
  5 orc zombies
13 creatures vanquished.

Grand Total: 173 creatures vanquished

Notes
Turn   | Place    | Note
-------+----------+-------------------------------------------
     0 | D:1      | ChrisAssaf the Human Necromancer began the quest for the
                  | Orb.
     0 | D:1      | Reached XP level 1. HP: 13/13 MP: 3/3
    79 | D:1      | Found Hash's Distillery.
   147 | D:1      | Reached XP level 2. HP: 16/19 MP: 0/5
   697 | D:1      | Reached XP level 3. HP: 24/24 MP: 2/6
   726 | D:1      | Learned a level 3 spell: Vampiric Draining
  1652 | D:2      | Reached XP level 4. HP: 28/31 MP: 0/7
  2034 | D:3      | Learned a level 4 spell: Animate Dead
  2133 | D:3      | Found Erej's Magic Scroll Shop.
  2142 | D:3      | Bought a scroll of identify for 26 gold pieces
  2142 | D:3      | Bought a scroll of immolation for 52 gold pieces
  2142 | D:3      | Bought a scroll of identify for 26 gold pieces
  2142 | D:3      | Bought a scroll of identify for 26 gold pieces
  2579 | D:3      | Reached skill level 5 in Necromancy
  2579 | D:3      | Reached XP level 5. HP: 31/36 MP: 3/9
  2598 | D:3      | Reached skill level 1 in Fighting
  2764 | D:3      | Found an iron altar of Okawaru.
  3102 | D:4      | Found a glowing silver altar of Zin.
  3113 | D:4      | Reached skill level 1 in Throwing
  3116 | D:4      | Found a snail-covered altar of Cheibriados.
  3120 | D:4      | Found a shimmering blue altar of Sif Muna.
  3317 | D:4      | Reached skill level 1 in Armour
  3317 | D:4      | Reached XP level 6. HP: 26/43 MP: 1/10
  3834 | D:4      | Reached skill level 1 in Maces & Flails
  3834 | D:4      | Reached XP level 7. HP: 44/48 MP: 1/12
  3873 | D:4      | Learned a level 5 spell: Curse of Agony
  4155 | D:4      | Found a radiant altar of Vehumet.
  4170 | D:4      | Became a worshipper of Vehumet
  4237 | D:4      | Reached skill level 1 in Shapeshifting
  4671 | D:5      | Entered Level 5 of the Dungeon
  4772 | D:5      | Found a runed translucent gate.
  4772 | D:5      | Found a runed translucent gate.
  4772 | D:5      | Found a runed translucent gate.
  4774 | D:5      | Noticed jkubb29's ghost (novice DsNe)
  5192 | D:5      | Reached skill level 6 in Necromancy
  5192 | D:5      | Reached skill level 1 in Evocations
  5192 | D:5      | Reached XP level 8. HP: 51/56 MP: 10/14
  5252 | D:5      | Found a hide-covered altar of Uskayaw.
  5433 | D:5      | Killed jkubb29's ghost
  5434 | D:5      | Reached skill level 1 in Ranged Weapons
  5439 | D:5      | Reached * piety under Vehumet
  5439 | D:5      | Offered knowledge of Kiss of Death by Vehumet.
  5477 | D:5      | Learned a level 1 spell: Kiss of Death
  5478 | D:5      | Found a shimmering altar of Xom.
  6101 | D:6      | Noticed Pikel
  6111 | D:6      | Killed Pikel
  6112 | D:6      | Reached skill level 5 in Spellcasting
  6112 | D:6      | Reached skill level 1 in Conjurations
  6112 | D:6      | Reached XP level 9. HP: 61/62 MP: 1/16
  6165 | D:6      | Noticed Grinder
  6188 | D:6      | Banished Grinder
  6189 | D:6      | Reached skill level 1 in Short Blades
  6269 | D:6      | Found Wicoss's Overcharged Wands.
  7072 | D:6      | Reached skill level 7 in Necromancy
  7114 | D:6      | Learned a level 5 spell: Borgnjor's Vile Clutch
  7593 | D:7      | Noticed a boulder beetle
  7598 | D:7      | Noticed a skeletal warrior
  7598 | D:7      | Noticed Klask's ghost (novice MiBe)
  7604 | D:7      | Found a transporter.
  7615 | D:7      | Found a transporter.
  7795 | D:7      | Found a staircase to the Ecumenical Temple.
  8072 | D:7      | Noticed Prince Ribbit
  8085 | D:7      | Reached XP level 10. HP: 70/70 MP: 4/19
  8097 | D:7      | Killed Prince Ribbit
  8551 | D:7      | HP: 1/70 [Klask's ghost (15)]
  8552 | D:7      | Annihilated by a skeletal warrior

Illustrated notes

Levels and vault maps discovered:
D:1:      heliophobic_arrival_glass_houses, layout_loops_ring, serial_shops,
          shop, serial_bayou_crossing
D:2:      layout_rooms
D:3:      layout_basic, lemuel_doored_altar, serial_shops, shop
D:4:      layout_basic, mainiacjoe_overflow_small_starburst,
          nicolae_overflow_hidden_temple, minmay_pentangle
D:5:      layout_loops_ring, xom_butterflies, nicolae_uskayaw_dance_hall,
          gammafunk_ghost_nasty_kobolds
D:6:      minmay_octagon_keep, layout_layer_cave,
          nicolae_shop_overcharged_wands, uniq_pikel, uniq_grinder
D:7:      layout_gridville, minmay_temple_entry_arrows, gammafunk_ghost_arena,
          uniq_prince_ribbit1

Skill      XL: |  1  2  3  4  5  6  7  8  9 10 |
---------------+-------------------------------+-----
Necromancy     | 5 6 7 |  7.3
Fighting       | 1 2 3 |  3.2
Throwing       | 1 2 3 |  3.4
Spellcasting   | 3 4 5 6 |  6.0
Armour         | 1 2 3 |  3.3
Maces & Flails | 1 2 3 |  3.1
Shapeshifting  | 1 2 |  2.7
Stealth        | 3 4 |  4.2
Dodging        | 3 4 |  4.0
Evocations     | 1 2 |  2.7
Ranged Weapons | 1 2 |  2.6
Conjurations   | 1 2 |  2.0
Short Blades   | 1 2 |  2.0
Earth Magic    | |  0.9

Action                     |  1- 3 |  4- 6 |  7- 9 | 10-12 || total
---------------------------+-------+-------+-------+-------++-------
  Melee: Unarmed           |     3 |     4 |       |       ||     7
         Whip              |       |    56 |    63 |       ||   119
         Punch             |       |     1 |     2 |       ||     3
         Short sword       |       |       |   117 |    10 ||   127
   Fire: Arbalest          |       |       |     2 |       ||     2
  Throw: Throwing net      |       |       |     6 |       ||     6
         Boomerang         |       |       |     9 |     6 ||    15
   Cast: Necrotise         |    65 |    29 |    10 |     1 ||   105
         Vampiric Draining |     4 |    20 |    53 |       ||    77
         Animate Dead      |       |     3 |     2 |       ||     5
         Curse of Agony    |       |       |     3 |     1 ||     4
  Evoke: Wand              |       |       |       |     2 ||     2
    Use: Potion            |     1 |     1 |     1 |       ||     3
         Scroll            |     7 |     8 |     3 |     2 ||    20
   Stab: Sleeping          |       |     3 |     7 |       ||    10
         Distracted        |       |       |     2 |       ||     2
         Held in net/web   |       |       |     1 |       ||     1
 Armour: Robe              |    60 |    69 |   136 |    13 ||   278
         Skin              |       |     3 |       |       ||     3
  Dodge: Dodged            |   109 |    82 |   158 |     6 ||   355
